 Dungeon Crawl Stone Soup version 0.18-a0-1185-g2fe3d93 (webtiles) character file.

53 MrRokkomies the Ruffian (level 3, -9/36 HPs)
             Began as a Troll Warper on Jan 28, 2016.
             Mangled by a gnoll
             ... wielding a +0 club
              (11 damage)
             ... on level 2 of the Dungeon.
             The game lasted 00:03:03 (996 turns).

MrRokkomies the Ruffian (Troll Warper)               Turns: 996, Time: 00:03:03

Health: -9/36      AC:  6    Str: 19    XL:     3   Next: 64%
Magic:  3/3        EV: 10    Int: 10    God:
Gold:   42         SH:  0    Dex:  9    Spells: 2 memorised, 1 level left

rFire  . . .     SeeInvis .       - Unarmed
rCold  . . .     Gourm    +     a - +1 robe
rNeg   . . .     Faith    .     (no shield)
rPois  .         Spirit   .     (helmet restricted)
rElec  .         Dismiss  .     (no cloak)
rCorr  .         Reflect  .     (gloves unavailable)
SustAt .         Harm     .     (boots unavailable)
MR     .....                    (no amulet)
Stlth  +.........               (no ring)
                                (no ring)

@: not resistant to hostile enchantments, very unstealthy
A: unfitting armour, claws 3, fast metabolism 3, gourmand, regeneration 2,
shaggy fur 1, tough skin 2
a: no special abilities


You were on level 2 of the Dungeon.
You were not hungry.

You visited 1 branch of the dungeon, and saw 2 of its levels.

You collected 42 gold pieces.

Inventory:

Missiles
 d - 5 tomahawks of dispersal
 g - 143 stones (quivered)
Armour
 a - a +1 robe (worn)
Scrolls
 c - a scroll of blinking
 e - 2 scrolls of enchant armour
Potions
 i - 3 potions of curing
 j - a potion of heal wounds {unknown}
Books
 b - a book of Spatial Translocations

   Spells                             Type                      Level
   a - Apportation                    Translocation                1
   b - Blink                          Translocation                2
   c - Shroud of Golubria             Charms/Translocation         2
   d - Portal Projectile              Translocation                3
   e - Teleport Other                 Translocation                3
   f - Passage of Golubria            Translocation                4
Comestibles
 f - 2 bread rations
 k - a royal jelly


   Skills:
 * Level 2.5 Fighting
 - Level 0.8 Throwing
 - Level 1.9 Dodging
 * Level 3.2 Unarmed Combat
 - Level 1.2 Spellcasting
 - Level 2.1 Translocations


You had one spell level left.
You knew the following spells:

 Your Spells              Type           Power        Failure   Level  Hunger
a - Apportation           Tloc           #.........   14%         1    ##.....
b - Shroud of Golubria    Chrm/Tloc      #.........   38%         2    ###....


Dungeon Overview and Level Annotations

Branches:
Dungeon (2/15)

Altars:
Dithmenos
Yredelemnul


Innate Abilities, Weirdness & Mutations

You are too large for most types of armour.
You have claws for hands.
Your metabolism is lightning-fast.
You like to eat raw meat.
You heal very quickly.
You are covered in fur (AC +1).
You have very tough skin (AC +2).


Message History

You scratch the gnoll.
The gnoll is moderately wounded.
The gnoll hits you.
The gnoll hits you from afar with a halberd!
The gnoll hits you but does no damage.
You barely miss the gnoll.
The gnoll is lightly wounded.
The gnoll barely misses you.
You claw the gnoll!
You kill the gnoll!
The gnoll barely misses you. The gnoll closely misses you.
You barely miss the gnoll. The gnoll closely misses you.
You barely miss the gnoll.
The gnoll hits you from afar with a halberd!
The gnoll barely misses you.
You completely miss the plant.
The gnoll hits you from afar with a halberd!
* * * LOW HITPOINT WARNING * * *
The gnoll hits you with a club!
You die...

..# #.###.## 7.
..#### #.# #..#
.. #
##...###.####.#
.7 7..
##.#......#
#.##7.7.P
####......#
#..#P..
≈_#.......#
##.7P7 P
#.#.......#
#...7 ...
'.#.......#
#§P777777..7.
#.#.......#
#.7@7§.P.P..7
≈_###.....#
#.77gg§...7 ###
#.....#
#§§≈7777..PPP #
#§§77 .P7 .#
#§7P 7 .).
#...7 ... #..7.
.#. #.. 77 .#
#..P


You could see 2 gnolls.

Vanquished Creatures
  A gnoll (D:2)
  An adder (D:2)
  A river rat (D:2)
  2 giant geckos (D:1)
  3 bats (D:1)
  2 giant cockroaches
  4 goblins
  2 hobgoblins (D:1)
  4 kobolds (D:1)
  2 giant newts
  3 rats (D:1)
25 creatures vanquished.

Vanquished Creatures (others)
  A plant (D:2)
1 creature vanquished.

Grand Total: 26 creatures vanquished

Notes
Turn   | Place    | Note
--------------------------------------------------------------
     0 | D:1      | MrRokkomies the Troll Warper began the quest for the Orb.
     0 | D:1      | Reached XP level 1. HP: 19/19 MP: 1/1
   169 | D:1      | Reached XP level 2. HP: 28/28 MP: 2/2
   761 | D:1      | Learned a level 2 spell: Shroud of Golubria
   811 | D:2      | Reached XP level 3. HP: 23/35 MP: 3/3
   903 | D:2      | Reached skill level 3 in Unarmed Combat
   941 | D:2      | Found a shadowy altar of Dithmenos.
   941 | D:2      | Found a basalt altar of Yredelemnul.
   996 | D:2      | Mangled by a gnoll

Vault maps used:
D:1:      lightli_arrival_maybe_door_vault
D:2:      wad_woods_stonehenge, nicolae_overflow_crystal_walls,
          gammafunk_temple_overflow_elements

Action                   || total
-------------------------++-------
Melee: Unarmed           ||    77
  Use: Scroll            ||     6
  Eat: Chunk             ||     8
